 Dungeon Crawl Stone Soup version 0.31-a0-233-g139696dc86 (webtiles) character file.

Game seed: 5488671181541632082

205 qw the Shooter (level 5, -7/32 HPs)
             Began as a Gargoyle Hexslinger on July 7, 2023.
             Mangled by a gnoll
             ... wielding a +0 halberd
              (11 damage)
             ... on level 3 of the Dungeon.
             The game lasted 00:01:21 (2279 turns).

qw the Shooter (Gargoyle Hexslinger)                Turns: 2279, Time: 00:01:21

Health: -7/32      AC:  7    Str: 12    XL:     5   Next: 83%
Magic:  6/6        EV: 11    Int: 13    God:
Gold:   145        SH:  0    Dex: 14    Spells: 5/6 levels left

rFire   . . .        Y - +1 sling
rCold   . . .        (no shield)
rNeg    + . .        f - +0 leather armour
rPois   inf          (no helmet)
rElec   +            (no cloak)
rCorr   .            (no gloves)
SInv    .            (no boots)
Will    .....        (no amulet)
Stlth   +            (no ring)
HPRegen 0.25/turn    (no ring)
MPRegen 0.10/turn

%: no passive effects
@: no status effects
A: sickness immunity, AC +4, negative energy resistance 1, electricity
resistance, torment resistance 1, petrification resistance
a: no special abilities


You were on level 3 of the Dungeon.
You visited 1 branch of the dungeon, and saw 3 of its levels.

You collected 145 gold pieces.


Innate Abilities, Weirdness & Mutations

You are immune to sickness and miasma.
Your stone body is resilient. (AC +4)
You are immune to poison.
You resist negative energy. (rN+)
You are resistant to electric shocks. (rElec)
You are resistant to unholy torment.
You are immune to petrification.


   Skills:
 - Level 3.0 Fighting
 + Level 5.2 Ranged Weapons
 - Level 1.5 Dodging
 - Level 1.0 Spellcasting
 - Level 2.6 Hexes


You had 5 spell levels left.
You knew the following spells:

 Your Spells              Type           Power      Damage    Failure   Level
a - Slow                  Hex            28%        N/A       12%         1

Your spell library contained the following spells:

 Spells                   Type           Power      Damage    Failure   Level
 Inner Flame              Hex/Fire       4%         N/A       52%         3
 Portal Projectile        Hex/Tloc       8%         N/A       52%         3
 Cause Fear               Hex            3%         N/A       75%         4

Inventory:

Hand Weapons
 Y - a +1 sling (weapon)
Armour
 f - a +0 leather armour (worn)
Jewellery
 e - a ring of fire
Scrolls
 b - a scroll of identify
Potions
 c - a potion of lignification {unknown}
 d - a potion of brilliance {unknown}
 j - a potion of might {unknown}

Dungeon Overview and Level Annotations

Branches:
Dungeon (3/15)

Altars:

Shops:
D:1 [

Annotations:
D:3 exclusion: 9 gnolls, Robin


Message History

Enter note:
Enter note:
Enter note:
Enter note:
Enter note:
Enter note:
Enter note:
Enter note:
Enter note:
Enter note:
Enter note:
Enter note: You shoot a sling bullet.
The sling bullet hits the orc.
The orc is lightly wounded.
A gnoll comes into view. It is wielding a +0 halberd.
The orc hits you but does no damage.
You shoot a sling bullet. The sling bullet hits the orc.
The orc is moderately wounded.
The orc hits you but does no damage.
A gnoll comes into view. It is wielding a +0 flail.
You shoot a sling bullet. The sling bullet hits the orc.
You kill the orc!
The goblin unwields a +0 dagger.
The goblin wields a +0 sling.
The goblin shoots a sling bullet.
The sling bullet hits you but does no damage.
You shoot a sling bullet. The sling bullet hits the gnoll.
The gnoll is lightly wounded.
You shoot a sling bullet. The sling bullet hits the gnoll.
The gnoll is moderately wounded.
The goblin shoots a sling bullet.
The sling bullet barely misses you.
Robin of the Strong Arm comes into view.
They are wielding a +0 short sword.
Robin shouts!
You hear a shout!
You shoot a sling bullet.
The sling bullet hits the frilled lizard!
You kill the frilled lizard!
The gnoll barely misses you.
You shoot a sling bullet.
The sling bullet barely misses the gnoll.
The gnoll hits you from afar with a +0 halberd!
You die... .# ..... .# #......# .## .....g. ..# #....g ..###..# #...g ......# #..g ?....... #gg

.......#
##)#
.......#
#.@#
...##...
......%##
........
.##..#.
...##...
#.. ..
..... .
... ###
...... ..
.....# .
.... ...


You could see Robin, 3 gnolls and 2 goblins.

Vanquished Creatures
  A howler monkey (D:3)
  A hound (D:3)
  3 gnolls (D:3)
  2 adders (D:2)
  An ufetubus (D:2)
  A worm (D:3)
  4 orcs (D:3)
  10 ball pythons
  8 bats
  6 endoplasms
  6 goblins
  6 hobgoblins
  12 jackals (D:3)
  2 kobolds (D:1)
  3 quokkas
  5 frilled lizards
  7 rats
78 creatures vanquished.

Notes
Turn   | Place    | Note
-------+----------+-------------------------------------------
     0 | D:1      | qw the Gargoyle Hexslinger began the quest for the Orb.
     0 | D:1      | Reached XP level 1. HP: 12/12 MP: 2/2
     0 | D:1      | 0 ||| qw: Version: 0.3-a-46-gb1f654a
     0 | D:1      | 0 ||| qw: Game counter: 3092
     0 | D:1      | 0 ||| qw: Melee chars always use a shield: true
     0 | D:1      | 0 ||| qw: God list: Okawaru
     0 | D:1      | 0 ||| qw: Allow faded altars: false
     0 | D:1      | 0 ||| qw: Do Orc after clearing Dungeon:15 true
     0 | D:1      | 0 ||| qw: Do second Lair branch before Depths: true
     0 | D:1      | 0 ||| qw: Lair rune preference: random
     0 | D:1      | 0 ||| qw: Goals: Normal
     0 | D:1      | 0 ||| PLANNING D:1-11
    59 | D:1      | Reached XP level 2. HP: 13/16 MP: 3/3
   134 | D:1      | Reached skill level 3 in Ranged Weapons
   137 | D:1      | Found Roskuz's Antique Armour Emporium.
   147 | D:1      | 147 ||| SHOPLISTING faintly glowing ring mail (189 gold,
                  | have 3).
   147 | D:1      | 147 ||| SHOPLISTING helmet (94 gold, have 3).
   147 | D:1      | 147 ||| SHOPLISTING pair of runed boots (157 gold, have 3).
   147 | D:1      | 147 ||| SHOPLISTING slimy leather armour (147 gold, have
                  | 3).
   344 | D:1      | Reached XP level 3. HP: 21/21 MP: 4/4
   762 | D:1      | 762 ||| READING 2 scrolls labelled NISACYO CAKLO.
   766 | D:1      | 766 ||| READING scroll labelled TAGATO NI ISM.
   767 | D:1      | 767 ||| READING scroll labelled WOZUOCUM ATOAST.
   768 | D:1      | 768 ||| READING 3 scrolls labelled BAOJ YVA JAO.
   769 | D:1      | 769 ||| READING scroll labelled KAHOOLEFEV.
   784 | D:1      | 784 ||| DROPPING scroll of poison.
   785 | D:1      | 785 ||| DROPPING 2 scrolls of fog.
   929 | D:2      | Reached XP level 4. HP: 26/26 MP: 5/5
   989 | D:2      | Reached skill level 4 in Ranged Weapons
  1443 | D:2      | 1443 ||| UPGRADING to +0 leather armour.
  1453 | D:2      | 1453 ||| DROPPING +0 robe.
  1454 | D:2      | 1454 ||| READING 2 scrolls labelled PUSHIJ XOPTUIG.
  1455 | D:2      | 1455 ||| READING scroll labelled YNIHAL CIJE.
  1584 | D:3      | 1584 ||| STAIRDANCE
  1655 | D:3      | 1655 ||| Stepping ~*~*~tactically~*~*~ (outnumbered).
  1679 | D:3      | 1679 ||| FLEEEEING.
  1680 | D:3      | 1680 ||| FLEEEEING.
  1682 | D:3      | 1682 ||| FLEEEEING.
  1804 | D:3      | Found a faded altar of an unknown god.
  1817 | D:3      | HP: 6/26 [gnoll/+1 flail of holy wrath (6)]
  1818 | D:3      | 1818 ||| READING 2 scrolls of teleportation.
  1965 | D:3      | Reached XP level 5. HP: 16/30 MP: 6/6
  2051 | D:3      | Reached skill level 5 in Ranged Weapons
  2165 | D:3      | Noticed a kobold brigand
  2202 | D:3      | Reached skill level 3 in Fighting
  2267 | D:3      | HP: 8/32 [gnoll/+0 spear (6)]
  2268 | D:3      | 2268 ||| READING scroll of teleportation.
  2269 | D:3      | HP: 2/32 [gnoll/+0 spear (5)]
  2277 | D:3      | Noticed Robin
  2279 | D:3      | Mangled by a gnoll

Levels and vault maps discovered:
D:1:      minmay_arrival_wavy_path, layout_basic, serial_shops,
          nicolae_lakefront_shop, amethyst_killhole
D:2:      layout_loops_ring, nicolae_kite_square_tiling_tiny
D:3:      lemuel_castle_with_subvaults [lemuel_castle_interior_carwin_3],
          layout_rooms, ebering_ecumenical_altar_abandoned, nicolae_goblin_pals

Skill      XL: |  1  2  3  4  5 |
---------------+----------------+-----
Ranged Weapons | 3 4 5 |  5.2
Fighting       | 2 3 |  3.0
Dodging        | |  1.5
Spellcasting   | |  1.0
Hexes          | |  2.6

Action                     |  1- 3 |  4- 6 || total
---------------------------+-------+-------++-------
   Fire: Sling             |   139 |   224 ||   363
    Use: Scroll            |     5 |     4 ||     9
 Armour: Robe              |    31 |    13 ||    44
         Leather armour    |       |    62 ||    62
  Dodge: Dodged            |    46 |   139 ||   185

Table legend:
 A = Non-vault XP
 B = Vault XP
 C = Vault XP percentage of total XP
 D = Non-vault monster count
 E = Vault monster count
 F = Vault count percentage of total count
                 A         B        C        D         E       F
            +---------+---------+-------+---------+---------+-------
      Total |     135 |     159 |  54.1 |      58 |      20 |  25.6
            +---------+---------+-------+---------+---------+-------
        D:1 |      56 |       0 |   0.0 |      34 |       0 |   0.0
        D:2 |      54 |       0 |   0.0 |      18 |       0 |   0.0
        D:3 |      25 |     159 |  86.4 |       6 |      20 |  76.9
            +---------+---------+-------+---------+---------+-------
